 Dungeon Crawl Stone Soup version 0.28-a0-872-g80cf8599ee (webtiles) character file.

Game seed: 14559013560322052356

516 ytrimaz the Chopper (level 7, -2/49 (54) HPs)
             Began as a Demonspawn Fighter on Nov 21, 2021.
             Was an Initiate of Cheibriados.
             Slain by a wight (8 damage)
             ... on level 5 of the Dungeon.
             The game lasted 00:09:32 (3928 turns).

ytrimaz the Chopper (Demonspawn Fighter)            Turns: 3928, Time: 00:09:33

HP:   -2/49 (54)    AC: 15    Str: 19    XL:     7   Next: 0%
MP:   7/7           EV:  9    Int: 11    God:    Cheibriados [......]
Gold: 1296          SH:  5    Dex: 15    Spells: 6/6 levels left

rFire   . . .      SeeInvis .   a - +1 war axe (protect)
rCold   . . .      Faith    .   c - +0 buckler
rNeg    . . .      Spirit   .   b - +0 scale mail
rPois   .          Reflect  .   (helmet restricted)
rElec   .          Harm     .   (no cloak)
rCorr   .          Rampage  .   (no gloves)
Will    .....                   n - +0 pair of boots
Stlth   +.........              (no amulet)
HPRegen 0.16/turn               (no ring)
MPRegen 0.10/turn               (no ring)

@: under a protective aura, drained, very slow
A: horns 1, thin skeletal structure 1, demonic guardian 1, powered by death 1
a: Renounce Religion


You were on level 5 of the Dungeon.
You worshipped Cheibriados.
Cheibriados was noncommittal.
You visited 2 branches of the dungeon, and saw 6 of its levels.

You collected 1296 gold pieces.

Inventory:

Hand Weapons
 a - a +1 war axe of protection (weapon)
Missiles
 d - 2 throwing nets
 l - 5 boomerangs (quivered)
Armour
 b - a +0 scale mail (worn)
 c - a +0 buckler (worn)
 e - a +0 tower shield
 n - a +0 pair of boots (worn)
Jewellery
 o - a +6 ring of intelligence
Wands
 r - a wand of paralysis (9)
Scrolls
 g - a scroll of torment
 k - a scroll of teleportation
Potions
 h - a potion of mutation {unknown}
 i - a potion of attraction
 m - a potion of curing
 p - a potion of lignification {unknown}
 s - 3 potions of heal wounds {unknown}


   Skills:
 + Level 4.0 Fighting
 + Level 4.5 Axes
 * Level 2.5 Throwing
 + Level 3.7 Armour
 + Level 3.5 Shields


You had 6 spell levels left.
You didn't know any spells.
Your spell library contained the following spells:

 Spells                   Type           Power      Damage    Failure   Level
 Passwall                 Tmut/Erth      0%         N/A       86%         2
 Swiftness                Air            0%         N/A       97%         3
 Summon Forest            Summ/Tloc      0%         N/A       100%        5
 Summon Mana Viper        Hex/Summ       0%         N/A       100%        5
 Summon Cactus Giant      Summ           0%         N/A       100%        6


Dungeon Overview and Level Annotations

Branches:
Dungeon (5/15)             Temple (1/1) D:5

Altars:
Ashenzari
Cheibriados
Dithmenos
Elyvilon
Gozag
Hepliaklqana
Kikubaaqudgha
Makhleb
Nemelex Xobeh
Qazlal
Sif Muna
Uskayaw
Vehumet
Xom
Zin
The Shining One


Innate Abilities, Weirdness & Mutations

You have a pair of small horns on your head.
You have a somewhat thin skeletal structure. (Dex +2, Stealth+)
A weak demonic guardian rushes to your aid.
You regenerate a little health from kills.


Message History

Cheibriados welcomes you!
Cheibriados begins to support your attributes as your movement slows.
Cheibriados is now slowing the effects of poison on you.
There is a staircase back to the Dungeon here.
You climb upwards.
Welcome back to the Dungeon!
You hear the sound of rushing water.
There is an entrance to a sewer on this level.
Hurry and find it before the portal rusts away!
You hear the rusting of a very distant drain.
The wight hits you with a +3 long sword.
The wight hits you with a +3 long sword!
You feel drained.
There is a staircase to the Ecumenical Temple, spattered with blood here.
You slash the wight!
Your weapon exudes an aura of protection.
The wight is heavily damaged.
You closely miss the wight. The wight completely misses you.
You block the wight's attack.
Unknown command.
You slash the wight!
You destroy the wight!
Cheibriados appreciates the change of pace.
You hit the wight but do no damage. The wight hits you with a +1 scimitar.
You feel drained.
You have reached level 7!
Your demonic ancestry asserts itself...
You feel the presence of a demonic guardian.
You completely miss the wight. Your headbutt misses the wight.
The wight hits you with a +1 scimitar!
* * * LOW HITPOINT WARNING * * *
A demonic guardian appears!
You feel drained.
* * * LOW HITPOINT WARNING * * *
Unknown command.
Unknown command.
You feel better. The wight hits you with a +1 scimitar.
* * * LOW HITPOINT WARNING * * *
Unknown command.
You hit the wight.
The wight is lightly damaged.
The wight hits you with a +1 scimitar!
You die...

*,**,,,.....##.## #.....
**.##...#........## #.....
*,......##.#..#...####....
**....).......#.....#...#.
*#....#..)##...........#.
**.....#.#..#...)...##...
*.,,#..#....#........#...
*....##.)..#.............
**.......@................
***,....#5..z##.............
**,*,.,,#....#..#............
*,,,,,,,#..#.#............#..
*,,,,,*..##...#..........##,,
*,,,,,.#(,................,,,
*,,,,.,#,...)............,,,*
*,,,,,,,...........#....,,,,,
*,,,,,,,,,,,,,*,,,,,,,,,,,,,,


You could see a wight (ally target) and a friendly iron imp (summoned).

Vanquished Creatures
  Eustachio (D:4)
  2 wights (D:5)
  A howler monkey (D:4)
  A jelly (D:4)
  A centaur skeleton (D:4)
  3 gnolls
  8 adders
  An adder skeleton (D:5)
  2 worms
  2 dart slugs
  11 bats
  7 endoplasms
  2 giant cockroaches (D:1)
  9 hobgoblins
  6 quokkas
  11 ball pythons
  3 frilled lizards
  3 goblins
  7 kobolds
  2 rats
83 creatures vanquished.

Notes
Turn   | Place    | Note
-------+----------+-------------------------------------------
     0 | D:1      | ytrimaz the Demonspawn Fighter began the quest for the Orb.
     0 | D:1      | Reached XP level 1. HP: 18/18 MP: 1/1
   203 | D:1      | Gained mutation: You have a pair of small horns on your
                  | head. [demonic ancestry]
   203 | D:1      | Reached XP level 2. HP: 23/24 MP: 2/2
   541 | D:1      | Found a faded altar of an unknown god.
   680 | D:1      | Gained mutation: You regenerate a little health from kills.
                  | [demonic ancestry]
   680 | D:1      | Reached XP level 3. HP: 25/29 MP: 3/3
  1607 | D:2      | Gained mutation: You have a somewhat thin skeletal
                  | structure. (Dex +2, Stealth+) [demonic ancestry]
  1607 | D:2      | Reached XP level 4. HP: 35/35 MP: 4/4
  2012 | D:3      | Reached skill level 1 in Throwing
  2485 | D:3      | Identified a scroll of acquirement
  2485 | D:3      | Acquired 1142 gold pieces
  2553 | D:4      | Reached XP level 5. HP: 35/41 MP: 5/5
  2667 | D:4      | Identified the +5 mace of Mesmau Diwo {spect, Dex+5}
  2731 | D:4      | Noticed Eustachio
  2750 | D:4      | Killed Eustachio
  2751 | D:4      | Reached XP level 6. HP: 29/48 MP: 6/6
  3650 | D:5      | Entered Level 5 of the Dungeon
  3676 | D:5      | Found a staircase to the Ecumenical Temple.
  3683 | Temple   | Entered the Ecumenical Temple
  3897 | Temple   | Became a worshipper of Cheibriados the Contemplative
  3926 | D:5      | Gained mutation: A weak demonic guardian rushes to your
                  | aid. [demonic ancestry]
  3926 | D:5      | Reached XP level 7. HP: 17/51 MP: 7/7
  3928 | D:5      | Slain by a wight

Illustrated notes

Levels and vault maps discovered:
D:1:      ebering_trefoil_3fold, layout_rooms, basic_ecumenical_altar
D:2:      layout_loops_corners
D:3:      layout_rooms, nrook_mini_vaults
D:4:      layout_loops_cross, kennysheep_generic_room_12, uniq_eustachio
D:5:      layout_cave_pools, minmay_temple_entry_mini_moons,
          cheibrodos_sewer_entry_drain, kennysheep_nub, uniq_pikel
Temple:   regret_index_temple_sphere_string

Skill      XL: |  1  2  3  4  5  6 |
---------------+-------------------+-----
Shields        | 3 |  3.5
Axes           | 2 3 4 |  4.5
Armour         | 3 |  3.7
Throwing       | 1 2 |  2.5
Fighting       | 4 |  4.0

Action                   |  1- 3 |  4- 6 |  7- 9 || total
-------------------------+-------+-------+-------++-------
Melee: War axe           |   108 |   139 |     2 ||   249
       Headbutt          |    18 |    21 |       ||    39
Throw: Boomerang         |    16 |     6 |       ||    22
  Use: Scroll            |     5 |     4 |       ||     9
       Potion            |       |     3 |     1 ||     4
Armor: Scale mail        |    79 |   100 |       ||   179
Dodge: Dodged            |    88 |    77 |       ||   165
Block: Buckler           |    35 |    45 |       ||    80

Table legend: (Time is in decaauts)
 A = Elapsed time spent in this place.
 B = Non-inter-level travel time spent in this place.
 C = Inter-level travel time spent in this place.
 D = Time resting spent in this place.
 E = Time spent auto-exploring this place.
 F = Levels seen in this place.
 G = Mean time per level.
                   A        B        C        D        E       F      G
               +--------+--------+--------+--------+--------+-----+--------+
         Total |   4038 |   3897 |    141 |    350 |   2651 |   6 |  673.0 |
       Dungeon |   3792 |   3701 |     91 |    350 |   2479 |   5 |  758.4 |
        Temple |    246 |    196 |     50 |      0 |    172 |   1 |  246.0 |
               +--------+--------+--------+--------+--------+-----+--------+

Top non-repeatable levels by time:
     D:2: 1086 daAuts
     D:4: 1008 daAuts
     D:1: 932 daAuts
     D:3: 722 daAuts
  Temple: 246 daAuts
     D:5: 42 daAuts
